Cogmind - Beta 17.1 @@@ ROGUE MODE // 2026.09.17 @ 06:04:33 Player: profwumbo Result: Destroyed by S-10 Pest with Light Assault Rifle Performance ------------- Evolutions (1) 500 Regions Visited (3) 600 Robots Destroyed (18) 90 Value Destroyed (282) 282 Prototype IDs (0) 0 Alien Tech Used (0) 0 Bonus (0) 0 TOTAL SCORE: 1472 Bonus ------- None Cogmind --------- Core Integrity 0/400 Matter 289/300 Energy 100/100 System Corruption 0% Temperature Cool (0) Movement Core (50) Location -9/Storage Parts ------- > --- POWER (1) -------- (None) > --- PROPULSION (4) --- (None) > --- UTILITY (2) ------ (None) > --- WEAPON (2) ------- (None) > --- INVENTORY (5) ---- Compact Wheel Peak State ------------ > --- POWER ------------ Light Ion Engine > --- PROPULSION ------- Compact Wheel > --- UTILITY ---------- Improved Terrain Scanner Tractor Beam > --- WEAPON ----------- Assault Rifle Light Assault Rifle > --- INVENTORY -------- Light Ion Engine Light Ion Engine Wheel [Rating: 8] Favorites ----------- Power Light Ion Engine Engine Light Ion Engine Propulsion Flight Unit Wheel Compact Wheel Flight Unit Flight Unit Utility Improved Terrain Scanner Device Improved Terrain Scanner Weapon Assault Rifle Energy Gun Small Laser Ballistic Gun Assault Rifle Build | -11 -10 -9 -9 ------- Run | Yrd Mat Mat Sto Slots Evolved 2 | . . 2 . Power . | . . . . Propulsion 2 | . . 2 . Utility . | . . . . Weapon . | . . . . Parts Attached 18 | 7 8 . 3 Power 6 | 1 4 . 1 Engine 6 | 1 4 . 1 Core . | . . . . Reactor . | . . . . Propulsion 5 | 1 2 . 2 Treads . | . . . . Leg . | . . . . Wheel 3 | 1 . . 2 Hover . | . . . . Flight 2 | . 2 . . Utility 2 | 2 . . . Device 2 | 2 . . . Storage . | . . . . Processor . | . . . . Hackware . | . . . . Protection . | . . . . Artifact . | . . . . Weapon 5 | 3 2 . . Energy Gun 1 | 1 . . . Energy Cannon . | . . . . Ballistic Gun 4 | 2 2 . . Ballistic Cannon . | . . . . Launcher . | . . . . Special Weapon . | . . . . Impact Weapon . | . . . . Slashing Weapon . | . . . . Piercing Weapon . | . . . . Special Melee Weapon . | . . . . Unidentified Prototypes . | . . . . Parts Lost 12 | . 6 . 6 Power 5 | . 2 . 3 Propulsion 4 | . 1 . 3 Utility 2 | . 2 . . Weapon 1 | . 1 . . Highest Loss Streak 6 | . 4 . 6 To Critical Strikes . | . . . . Average Backups 3 | 2 3 5 3 Power 1 | 1 1 2 1 Propulsion 1 | . 1 3 2 Utility . | . . . . Weapon . | . . . . Tool/Special . | . . . . Unused Backups 3 | 1 1 . 1 Power 1 | 1 . . . Propulsion 2 | . 1 . 1 Utility . | . . . . Weapon . | . . . . Tool/Special . | . . . . Average Slot Usage (%) 60 | . 80 22 17 Engine 11 | . 13 11 7 Wheel 5 | . 7 . 2 Flight 10 | . 11 11 8 Device 14 | . 21 . . Ballistic Gun 17 | . 25 . . Peak Build Rating 8 | 8 8 2 2 Average Rating 5 | 5 7 2 1 On Entrance 3 | . 8 2 2 Avg Prop Armor Cover (%) . | . . . . Naked Turns 12 | . . . 12 Heaviest Build 9 | 8 9 3 5 Greatest Support 16 | 16 16 4 16 Greatest Overweight (x) 1 | 1 1 . . Average Overweight (x) . | . . . . Largest Inventory Capacity 5 | 5 5 5 5 Average Capacity 5 | 5 5 5 5 Most Carried 5 | 3 5 5 5 Average Carried 3 | 2 3 5 3 Final Capacity 5 | 5 5 5 5 Final Carried 5 | 3 5 5 1 Class Distribution -------------------- 77% | Mutant 22% | Scavenger-Mutant Dominant Class ---------------- Mutant | -10/Materials Mutant | -9/Materials Mutant | -9/Storage Resources | -11 -10 -9 -9 ----------- Run | Yrd Mat Mat Sto Matter Collected 597 | 330 267 . . Remotely 286 | 128 158 . . Salvage Created 657 | 197 460 . . Parts 37 | 17 20 . . Haulers Intercepted . | . . . . Recyclers Shooed 1 | . 1 . . Parts Field Recycled . | . . . . Retrieved Matter . | . . . . Parts Self-Destructed . | . . . . Prevented . | . . . . Parts Restored . | . . . . Kills | -11 -10 -9 -9 ------- Run | Yrd Mat Mat Sto Combat Hostiles Destroyed 9 | . 9 . . Guns 9 | . 9 . . Classes Destroyed 5 | 3 2 . . Worker 2 | 2 . . . Tunneler 4 | 4 . . . Recycler 3 | 1 2 . . Swarmer 3 | . 3 . . Grunt 6 | . 6 . . Best Kill Streak 7 | 6 7 . . Combat Bots Only 7 | . 7 . . Max Kills in Single Turn 1 | 1 1 . . Gunslinging . | . . . . Exploded . | . . . . Melee . | . . . . Uniques/NPCs Destroyed . | . . . . Combat | -11 -10 -9 -9 -------- Run | Yrd Mat Mat Sto Hostile Shots Fired 231 | . 79 14 138 Missed 101 | . 20 10 71 Hits 130 | . 59 4 67 Projectile 130 | . 59 4 67 Damage Taken 1224 | . 608 40 576 Core 606 | . 201 34 371 Absorbed by Shields . | . . . . Core Remaining (%) 59 | 100 19 . . Volleys Fired 64 | 15 49 . . Largest 2 | 2 2 . . Hottest 40 | 40 40 . . Shots Fired 105 | 30 75 . . Gun 105 | 30 75 . . Cannon . | . . . . Launcher . | . . . . Special . | . . . . Kinetic 105 | 30 75 . . Thermal . | . . . . Explosive . | . . . . Electromagnetic . | . . . . Robot Hit Streak 9 | 7 9 . . Robot Miss Streak 5 | 2 5 . . Penetration Max . | . . . . Secondary Targets . | . . . . Shots Hit Robots 70 | 20 50 . . Core Hits 30 | 10 20 . . Critical Kills . | . . . . Critical Parts Destroyed . | . . . . Critical Strikes . | . . . . Melee Attacks . | . . . . Impact . | . . . . Slashing . | . . . . Piercing . | . . . . Sneak Attacks . | . . . . Combat Hostiles . | . . . . Follow-up Attacks . | . . . . Damage Inflicted 819 | 215 587 . 17 Guns 802 | 215 587 . . Cannons . | . . . . Explosions . | . . . . Melee . | . . . . Ramming 17 | . . . 17 Kinetic 802 | 215 587 . . Thermal . | . . . . Explosive . | . . . . Electromagnetic . | . . . . Impact . | . . . . Slashing . | . . . . Piercing . | . . . . Highest Corruption . | . . . . Average Corruption . | . . . . Corruption Purged . | . . . . Corruption Blocked . | . . . . Overload Shots . | . . . . Overflow Damage . | . . . . Projectiles . | . . . . Explosions . | . . . . Melee . | . . . . Knockbacks . | . . . . Impact . | . . . . Kinetic . | . . . . Secondary . | . . . . Self-Inflicted Damage 8 | . . . 8 Shots . | . . . . Rammed 2 | . . . 2 Targets Rammed 2 | . . . 2 Kicked . | . . . . Crushed . | . . . . Highest Temperature 15 | . 15 . . Average Temperature 5 | . 5 . . Received Heat Transfer 327 | . 288 6 33 Siege Activations . | . . . . Martial Activations . | . . . . Shielding Activations . | . . . . Robots Disrupted . | . . . . Combat Hostiles . | . . . . Robots Corrupted . | . . . . Combat Hostiles . | . . . . Parts Fried . | . . . . Impact Corruptions . | . . . . Robots Melted . | . . . . Combat Hostiles . | . . . . Parts Melted . | . . . . Heat Transferred . | . . . . Parts Sabotaged . | . . . . Parts Stolen . | . . . . Parts Stripped . | . . . . Power Chain Reactions . | . . . . Alert | -11 -10 -9 -9 ------- Run | Yrd Mat Mat Sto Maximum Alert Level . | . . . . Low Security (%) 100 | 100 100 100 100 Level 1 . | . . . . Level 2 . | . . . . Level 3 . | . . . . Level 4 . | . . . . Level 5 . | . . . . High Security . | . . . . Max Security . | . . . . Peak Influence 140 | 10 140 79 28 Initial 39 | . . 39 28 Average 40 | 2 67 40 12 Influence Increases 425 | 35 294 60 36 Destroy 0b10 Robot/C 180 | . 180 . . Destroy 0b10 Robot/NC 45 | 35 10 . . Destroy Leader 30 | . 30 . . Successful Hack 20 | . 14 . 6 Partial Spotted 30 | . . 15 15 Lose Combat Pursuer 120 | . 60 45 15 Influence Decreases 425 | 35 199 86 105 Entered New Map 97 | . . 56 41 Time Decay 238 | 35 139 30 34 Lost Part 90 | . 60 . 30 Squads Dispatched 8 | . 5 . 3 Investigation 5 | . 3 . 2 Extermination . | . . . . Reinforcement 3 | . 2 . 1 Assault . | . . . . Garrison . | . . . . Intercept . | . . . . Searches Triggered . | . . . . Construction Impeded . | . . . . Haulers Reinforced . | . . . . Active Scanning Responses . | . . . . Cargo Convoy Interrupts . | . . . . Stealth | -11 -10 -9 -9 --------- Run | Yrd Mat Mat Sto Distress Signals 1 | . 1 . . Communications Jammed . | . . . . Distress Signals . | . . . . Times Spotted 48 | . 23 7 18 Peak Tracking Total 13 | . 7 7 13 Tactical Retreats 3 | . 1 1 1 Traps | -11 -10 -9 -9 ------- Run | Yrd Mat Mat Sto Traps Triggered 1 | . 1 . . Indirectly . | . . . . Trap Hack Attempts . | . . . . Triggered . | . . . . Disarmed . | . . . . Reprogrammed . | . . . . Reused . | . . . . Traps Extracted . | . . . . Installed . | . . . . Triggered . | . . . . Machines | -11 -10 -9 -9 ---------- Run | Yrd Mat Mat Sto Machines Disabled . | . . . . Max in Single Turn . | . . . . Machines Repaired . | . . . . Machines Dismantled . | . . . . Machines Sabotaged . | . . . . Overloaded Fab Kills . | . . . . Hacking | -11 -10 -9 -9 --------- Run | Yrd Mat Mat Sto Machines Accessed 6 | . 2 1 3 Terminals 6 | . 2 1 3 Fabricators . | . . . . Repair Stations . | . . . . Recycling Units . | . . . . Scanalyzers . | . . . . Garrison Access . | . . . . Total Hacks 19 | . 9 3 7 Successful 4 | . 3 . 1 Failed 15 | . 6 3 6 Catastrophic 4 | . 1 1 2 Database Lockouts . | . . . . Manual 17 | . 7 3 7 Terminals 19 | . 9 3 7 Fabricators . | . . . . Repair Stations . | . . . . Recycling Units . | . . . . Scanalyzers . | . . . . Garrison Access . | . . . . Terminal Hacks 4 | . 3 . 1 Level Access Points 1 | . 1 . . Emergency Access Points 1 | . 1 . . Zone Layout 2 | . 1 . 1 Fabricator Hacks . | . . . . Repair Station Hacks . | . . . . Recycling Unit Hacks . | . . . . Scanalyzer . | . . . . Garrison Access Hacks . | . . . . Unauthorized Hacks . | . . . . Terminals . | . . . . Fabricators . | . . . . Repair Stations . | . . . . Recycling Units . | . . . . Scanalyzers . | . . . . Garrison Access . | . . . . Data Cores Recovered . | . . . . Used . | . . . . Hacking Detections 6 | . 2 1 3 Full Trace Events 4 | . 2 . 2 Feedback Events . | . . . . Feedback Blocked . | . . . . Robot Schematics Acquired . | . . . . Robots Built . | . . . . Authchips . | . . . . Time . | . . . . Total Robot Build Rating . | . . . . Part Schematics Acquired . | . . . . Parts Built . | . . . . Authchips . | . . . . Time . | . . . . Total Part Build Rating . | . . . . Part Studies Acquired . | . . . . Parts Repaired . | . . . . Time . | . . . . Parts Recycled . | . . . . Recycled Matter . | . . . . Retrieved Matter . | . . . . Retrieved Components . | . . . . Parts Scanalyzed . | . . . . Part Schematics Acquired . | . . . . Parts Damaged . | . . . . Bothacking | -11 -10 -9 -9 ------------ Run | Yrd Mat Mat Sto Used RIF Installer . | . . . . Robots Hacked . | . . . . Non-combat . | . . . . Combat . | . . . . Robot Hacks Applied . | . . . . Relay Couplers Released . | . . . . Fabnet Peak Effective % . | . . . . Robots Rewired . | . . . . Allies Hacked . | . . . . Hacks Repelled . | . . . . Allies | -11 -10 -9 -9 -------- Run | Yrd Mat Mat Sto Total Allies . | . . . . Largest Group . | . . . . Highest-Rated Group . | . . . . Highest-Rated Ally . | . . . . Total Orders . | . . . . Ally Attacks . | . . . . Total Damage . | . . . . Kills . | . . . . Allies Corrupted . | . . . . Allies Melted . | . . . . Intel | -11 -10 -9 -9 ------- Run | Yrd Mat Mat Sto Active Infowar (turns) 443 | 84 359 . . Terrain 443 | 84 359 . . Robot Analysis Total . | . . . . Derelict Logs Recovered . | . . . . Drone Launches . | . . . . Drone Recoveries . | . . . . Exploration | -11 -10 -9 -9 ------------- Run | Yrd Mat Mat Sto Turns Passed 703 | 183 360 61 99 Spaces Moved 870 | 129 386 152 203 Core 28 | 9 1 . 18 Treads . | . . . . Legs . | . . . . Wheels 241 | 120 106 . 15 Hover . | . . . . Flight 601 | . 279 152 170 Fastest Speed 37 | 50 37 40 40 Average Speed 56 | 98 54 40 45 Slowest Speed 120 | 100 120 40 100 Overloaded Moves . | . . . . Propulsion Burnouts . | . . . . Robots Hopped 13 | . 2 1 10 Potential Cave-ins . | . . . . Cave-ins Triggered . | . . . . Exploration Rate (%) 32 | 4 34 28 62 Regions Visited 3 Branch Regions 1 Pre-discovered Areas 1 | . . . 1 Known Exits Taken 1 | . 1 . . Unknown Exits Taken 2 | 1 . 1 . Scrap Searched . | . . . . Spaces Dug . | . . . . Terrain Destroyed . | . . . . Melee . | . . . . Projectile . | . . . . AOE . | . . . . Terrain Rammed . | . . . . Walls Destroyed . | . . . . Machines Disabled . | . . . . Actions | -11 -10 -9 -9 --------- Run | Yrd Mat Mat Sto Total 965 | 155 460 150 200 Wait 9 | . 9 . . Move 843 | 128 381 149 185 Hop 11 | . 2 1 8 Pick Up 8 | 4 4 . . Fast Attach 9 | 6 3 . . Attach 6 | . 2 . 4 Detach 1 | . 1 . . Swap 4 | 1 3 . . Drop 7 | 1 6 . . Fire 64 | 15 49 . . Melee . | . . . . Ram 2 | . . . 2 Kick . | . . . . Crush . | . . . . Escape Stasis . | . . . . Rewire 1 | . . . 1 Trap . | . . . . Miscellaneous . | . . . . Route ------- -11/Scrapyard -10/Materials (discovered 3 exits: *Mat x3) -9/Materials -9/Storage History --------- Turn | Location | Event 33 | -11/Scrapyard | Discovered new exit (range 15) 184 | -11/Scrapyard | Entered Materials 256 | -10/Materials | Identified exit to Materials 312 | -10/Materials | Build established: Mutant 337 | -10/Materials | Core integrity fell below 50% 397 | -10/Materials | Destroyed 7 combat bots 407 | -10/Materials | Lost 4 parts (2p1u1w) 544 | -10/Materials | Core integrity fell below 20% 544 | -10/Materials | Entered another Materials area 544 | -9/Materials | Evolved 2 slots: Propulsion x2 600 | -9/Materials | Discovered new exit (range 14) 605 | -9/Materials | Entered Storage 677 | -9/Storage | Core integrity fell below 50% 696 | -9/Storage | Learned location of Armory (-4) 699 | -9/Storage | Core integrity fell below 20% 704 | -9/Storage | Destroyed by S-10 Pest with Light Assault Rifle Last Messages --------------- K-01 Serf collects debris. Flight Unit destroyed. K-01 Serf collects debris. Ion Engine destroyed. Com. Wheel destroyed. S-10 Pest destroyed. A derelict emerges from hiding: "Psst-beep. Hey you, we've already cleared out from here, don't stick around. I stayed behind to warn any stragglers, and you certainly look like you're straggling." L0-OWV(g): "We'll attack Armory later, meet at one of the rendevous points." World map updated: -4/Armory. L0-OWV(g) slips back into hiding. Slammed into S-10 Pest. S-10 Pest destroyed. Two rows of pristine grunt class robots stand immobile, all facing the entryway as if waiting for something. Attempting to rewire G-47 Trooper. Map ----- +----------------------------------------------------+ | ????????????????# "T" ####+####??##### # ?? | | ???????########## #??# # ??????# # ?? | | ???????########## #??# # ""??????# #? ? | | ???????##!!! #### #### # ""??????# #?"? | | ???????##!!! #T##[%= # ""??????? #??? | | ???????## " / + ??????? #??? | | ???????##!! # # ""??????? +??? | | ???????##!! " # ####+##### ""??????? ???? | | ???????##!! !# # # # ""?????????????? | | ???????########## # """"" ? ?????????????? | | ??############### # " " ####?????????????? | | ??# #???# # """"" ## "?????????????? | | ??# #???# # """"" ##"G?????????????? | | ??# #???# # " " ##" ?????????????? | | ??# #??## # """"" # ?????????????? | | ??#####+##/##??#T # # ""?????????????? | | ??????# #???## #?????????????????????????? | | ??##### ###### #?????????????????????????? | | ?## # #?????????????????????????? | | ?#T + ^ #?????????????????????????? | | ?##""## #?????????????????????????? | | ??????# //!#?????????????????????????? | | ??????## // ######????????????????????? | | ???????#""" """ /! ##Tgg#????????????????????? | | ???????#"Y """=% # gg#????????????????????? | | ???????#""" """ # @gg#????????????????????? | | ???????# % s/ gg#????????????????????? | | ???????# s ## gg#????????????????????? | | ???????############+#########????????????????????? | | ??????????????????# #??????????????????????????? | | ??????????????????# #??????????????????????????? | | ??????????????????# #??????????????????????????? | | ??????????????????#####??????????????????????????? | | ?????????????????????????????????????????????????? | | | | | | | | | | | | | | | | | | | | | | | | | | | | | | | | | +----------------------------------------------------+ Best States ------------- Heat Dissipation 28 Energy Generation 10 Energy Capacity 250 Matter Stores 300 Matter Capacity 300 Sight Range 16 Terrain Scan Range 16 Terrain Scan Density 10 Evasion (%) 62 Item Schematics ----------------- None Robot Schematics ------------------ None Fabricated ------------ Nothing Repaired ---------- Nothing Studied --------- None Alien Tech Used ----------------- None Achievements -------------- None Challenges ------------ None Game ------ Seed GravjetNodeRifle Manual? 0 Play Time 00:17:22 Cumulative 35.9 hours Start 2026.09.17 @ 05:46:12 End 2026.09.17 @ 06:04:33 Sessions 1 Manual Loads 0 Difficulty Rogue Special Mode None Game No. 36 Rogue 26 Adventurer 5 Explorer 5 Win Type - Total 0 Types 0/0/0/0/0/0/0/0/0/0 Lore% 11 Gallery% 19 Achievement% 18 Wizard Run 0 Options --------- Layout 1 ASCII 0 Keyboard 1 Movement Vi Keybinds 0 Fullscreen 2 Font 36/Crisp Map View 55x38 Zoom Use 0% Tactical HUD 0 Map Filters NONE Filters NONE Steam 1 RUN: 4b6edfac-554d-481a-af94-b3cdc304e669